PL
D.C. DIVIDED @ PANAMA CITY PIRANHAS
09/04/2026
 
TOP OF THE 1ST
D.C. Divided batting - Pitching for Panama City Piranhas : LHP Kirby Buckner
Pitching: LHP Kirby Buckner
Batting: RHB Arturo Rodríguez 0-0: Ball
1-0: Ball
2-0: Called Strike
2-1: Foul Ball, location: 2F
2-2: Foul Ball, location: 2F
2-2: Ball
3-2: Base on Balls
Batting: RHB Tony Romero 0-0: Ball
1-0: Called Strike
1-1: DOUBLE (Line Drive, 9LM)
Arturo Rodríguez to third
Batting: LHB Mike Gardner 0-0: Called Strike
0-1: Ball
1-1: Fly out, F9 (Flyball, 89S)
Runner from 3rd tags up, SCORES, no throw
Batting: RHB Mario Castillo 0-0: Called Strike
0-1: Ball
1-1: Ball
2-1: Foul Ball, location: 2F
2-2: Ball
3-2: Strikes out swinging
Batting: RHB Robert O'Connor 0-0: Ball
1-0: Called Strike
1-1: Called Strike
1-2: Foul Ball, location: 2F
1-2: Ball
2-2: DOUBLE (Line Drive, 7D)
Tony Romero scores
Batting: RHB Lúcio López 0-0: Fly out, F4 (Popup, 34D)
Top of the 1st over - 2 run(s), 2 hit(s), 0 error(s), 1 left on base; D.C. 2 - Panama City 0
BOTTOM OF THE 1ST
Panama City Piranhas batting - Pitching for D.C. Divided : RHP José Alaniz
Pitching: RHP José Alaniz
Batting: RHB Juan Jose Ayala 0-0: Called Strike
0-1: Ground out 6-3 (Groundball, 56)
Batting: LHB Herman Hayes 0-0: SINGLE (Line Drive, 7S)
Batting: SHB Marc Talamante 0-0: Ball
1-0: SINGLE (Groundball, 34D)
Herman Hayes to second
Runner from 2nd tries for 3rd, SAFE, throw made to third
Batting: LHB Robert Adams 0-0: Swinging Strike
0-1: Ball
1-1: Called Strike
1-2: Strikes out swinging
Batting: RHB Baldomero Avino 0-0: Ball
1-0: Called Strike
1-1: Ball
2-1: SINGLE (Line Drive, 6M)
Herman Hayes scores
Marc Talamante to second
Runner from 2nd tries for 3rd, SAFE, throw made to third
Batting: LHB Sergio Muńóz 0-0: Called Strike
0-1: Fielders Choice at 2nd, 4-6 (Groundball, 34)
Bottom of the 1st over - 1 run(s), 3 hit(s), 0 error(s), 1 left on base; D.C. 2 - Panama City 1
TOP OF THE 2ND
D.C. Divided batting - Pitching for Panama City Piranhas : LHP Kirby Buckner
Batting: LHB Charles Mathes 0-0: Ball
1-0: Called Strike
1-1: Ground out 4-3 (Groundball, 34)
Batting: RHB Julián Salcido 0-0: Foul Ball, location: 2F
0-1: Foul Ball, location: 2F
0-2: Strikes out looking
Batting: RHB Cristo González 0-0: Called Strike
0-1: Ball
1-1: Foul Ball, location: 2F
1-2: Strikes out swinging
Top of the 2nd over - 0 run(s), 0 hit(s), 0 error(s), 0 left on base; D.C. 2 - Panama City 1
BOTTOM OF THE 2ND
Panama City Piranhas batting - Pitching for D.C. Divided : RHP José Alaniz
Batting: LHB Steve Cunningham 0-0: Called Strike
0-1: Ball
1-1: Fly out, F7 (Flyball, 7S)
Batting: RHB Armando Alvarado 0-0: Foul Ball, location: 2F
0-1: Ball
1-1: Ball
2-1: Ball
3-1: Foul Ball, location: 2F
3-2: Fly out, F9 (Flyball, 9S)
Batting: RHB Tim Barnes 0-0: Foul Ball, location: 2F
0-1: Ball
1-1: Ball
2-1: Ground out 4-3 (Groundball, 4)
Bottom of the 2nd over - 0 run(s), 0 hit(s), 0 error(s), 0 left on base; D.C. 2 - Panama City 1
TOP OF THE 3RD
D.C. Divided batting - Pitching for Panama City Piranhas : LHP Kirby Buckner
Batting: RHB Arturo Rodríguez 0-0: Ball
1-0: Called Strike
1-1: Called Strike
1-2: Foul Ball, location: 2F
1-2: Ball
2-2: Ball
3-2: Foul Ball, location: 2F
3-2: Foul Ball, location: 2F
3-2: Foul Ball, location: 2F
3-2: Foul Ball, location: 2F
3-2: Foul Ball, location: 2F
3-2: Foul Ball, location: 2F
3-2: Base on Balls
Batting: RHB Tony Romero 0-0: Foul Ball, location: 2F
0-1: Ball
1-1: Fly out, F7 (Line Drive, 78M)
Batting: LHB Mike Gardner 0-0: Ball
1-0: SINGLE (Line Drive, 89S)
Arturo Rodríguez to second
Runner from 2nd tries for 3rd, SAFE, throw made to third
Batting: RHB Mario Castillo 0-0: Ball
1-0: Ball
2-0: Foul Ball, location: 2F
2-1: DOUBLE (Groundball, 5L)
Arturo Rodríguez scores
Mike Gardner to third
Batting: RHB Robert O'Connor 0-0: Ball
1-0: Foul Ball, location: 2F
1-1: Foul Ball, location: 2F
1-2: Foul Ball, location: 2F
1-2: Ball
2-2: SINGLE (Flyball, 89S)
Mike Gardner scores
Mario Castillo to third
Runner from 3rd tries for Home, SAFE, throw made home
Batting: RHB Lúcio López 0-0: Called Strike
0-1: Foul Ball, location: 2F
0-2: Strikes out looking
Batting: LHB Charles Mathes 0-0: Called Strike
0-1: Ball
1-1: Ball
2-1: Ball
3-1: Fly out, F8 (Flyball, 8LM)
Top of the 3rd over - 3 run(s), 3 hit(s), 0 error(s), 1 left on base; D.C. 5 - Panama City 1
BOTTOM OF THE 3RD
Panama City Piranhas batting - Pitching for D.C. Divided : RHP José Alaniz
Batting: RHB Juan Jose Ayala 0-0: Called Strike
0-1: Ball
1-1: Called Strike
1-2: Ball
2-2: DOUBLE (Line Drive, 7LM)
Batting: LHB Herman Hayes 0-0: Foul Ball, location: 2F
0-1: Ball
1-1: Ball
2-1: Fly out, F9 (Flyball, 9)
Batting: SHB Marc Talamante 0-0: Fly out, F8 (Flyball, 8LD)
Runner from 2nd tags up, SAFE at 3rd, no throw
Batting: LHB Robert Adams 0-0: Ground out U3 (Groundball, 34)
Bottom of the 3rd over - 0 run(s), 1 hit(s), 0 error(s), 1 left on base; D.C. 5 - Panama City 1
TOP OF THE 4TH
D.C. Divided batting - Pitching for Panama City Piranhas : LHP Kirby Buckner
Batting: RHB Julián Salcido 0-0: Ball
1-0: Foul Ball, location: 2F
1-1: Foul Ball, location: 2F
1-2: Ground out 6-3 (Groundball, 6MS)
Batting: RHB Cristo González 0-0: Swinging Strike
0-1: Ball
1-1: Swinging Strike
1-2: Ball
2-2: Foul Ball, location: 2F
2-2: Strikes out looking
Batting: RHB Arturo Rodríguez 0-0: Fly out, F5 (Line Drive, 56S)
Top of the 4th over - 0 run(s), 0 hit(s), 0 error(s), 0 left on base; D.C. 5 - Panama City 1
BOTTOM OF THE 4TH
Panama City Piranhas batting - Pitching for D.C. Divided : RHP José Alaniz
Batting: RHB Baldomero Avino 0-0: Ball
1-0: Fly out, F6 (Popup, 6MD)
Batting: LHB Sergio Muńóz 0-0: Ball
1-0: Ground out 6-3 (Groundball, 6)
Batting: LHB Steve Cunningham 0-0: Foul Ball, location: 2F
0-1: Swinging Strike
0-2: Ground out 4-3 (Groundball, 4)
Bottom of the 4th over - 0 run(s), 0 hit(s), 0 error(s), 0 left on base; D.C. 5 - Panama City 1
TOP OF THE 5TH
D.C. Divided batting - Pitching for Panama City Piranhas : LHP Kirby Buckner
Batting: RHB Tony Romero 0-0: Swinging Strike
0-1: Ball
1-1: Foul Ball, location: 2F
1-2: SINGLE (Groundball, 6D)
Batting: LHB Mike Gardner 0-0: Called Strike
0-1: Called Strike
0-2: Foul Ball, location: 2F
0-2: Ball
1-2: Foul Ball, location: 2F
1-2: Strikes out swinging
Batting: RHB Mario Castillo 0-0: Foul Ball, location: 2F
0-1: Ball
Wild Pitch!
Tony Romero to second
1-1: Ball
2-1: Fly out, F6 (Popup, 6D)
Batting: RHB Robert O'Connor 0-0: Called Strike
0-1: Foul Ball, location: 2F
0-2: Strikes out swinging
Top of the 5th over - 0 run(s), 1 hit(s), 0 error(s), 1 left on base; D.C. 5 - Panama City 1
BOTTOM OF THE 5TH
Panama City Piranhas batting - Pitching for D.C. Divided : RHP José Alaniz
Batting: RHB Armando Alvarado 0-0: Ball
1-0: Swinging Strike
1-1: Foul Ball, location: 2F
1-2: Ball
2-2: Foul Ball, location: 2F
2-2: Foul Ball, location: 2F
2-2: Ground out 6-3 (Groundball, 56)
Batting: RHB Tim Barnes 0-0: SINGLE (Flyball, 89S)
Batting: RHB Juan Jose Ayala 0-0: Called Strike
0-1: SINGLE (Line Drive, 4MD)
Tim Barnes to second
Batting: LHB Herman Hayes 0-0: Swinging Strike
0-1: Swinging Strike
0-2: Ball
1-2: Ball
2-2: Foul Ball, location: 2F
2-2: Ball
3-2: Base on Balls
Tim Barnes to third
Juan Jose Ayala to second
Batting: SHB Marc Talamante 0-0: Ball
1-0: Ball
2-0: Fielders Choice at 2nd, 3-6 (Groundball, 34)
Tim Barnes scores
Juan Jose Ayala to third
Batting: LHB Robert Adams 0-0: Fielders Choice at 2nd, 4-6 (Groundball, 4)
Bottom of the 5th over - 1 run(s), 2 hit(s), 0 error(s), 1 left on base; D.C. 5 - Panama City 2
TOP OF THE 6TH
D.C. Divided batting - Pitching for Panama City Piranhas : LHP Kirby Buckner
Pitching: RHP Valentín Montenegro
Batting: RHB Lúcio López 0-0: Ball
1-0: Fly out, F8 (Flyball, 78M)
Batting: LHB Charles Mathes 0-0: Foul Ball, location: 2F
0-1: Swinging Strike
0-2: Ball
1-2: Strikes out swinging
Batting: RHB Julián Salcido 0-0: Ball
1-0: Ground out 5-3 (Groundball, 56)
Top of the 6th over - 0 run(s), 0 hit(s), 0 error(s), 0 left on base; D.C. 5 - Panama City 2
BOTTOM OF THE 6TH
Panama City Piranhas batting - Pitching for D.C. Divided : RHP José Alaniz
Batting: RHB Baldomero Avino 0-0: Ground out 6-3 (Groundball, 6)
Batting: LHB Sergio Muńóz 0-0: Called Strike
0-1: SINGLE (Groundball, 34D)
Batting: LHB Steve Cunningham 0-0: Foul Ball, location: 2F
0-1: 2-RUN HOME RUN (Flyball, 9D), Distance : 378 ft
Batting: RHB Armando Alvarado 0-0: Ball
1-0: Called Strike
1-1: Ball
2-1: SINGLE (Line Drive, 6D)
Batting: RHB Tim Barnes 0-0: Ball
1-0: Called Strike
1-1: Fly out, F7 (Flyball, 7)
Batting: RHB Juan Jose Ayala 0-0: SINGLE (Line Drive, 89S)
Armando Alvarado to second
Runner from 2nd tries for 3rd, SAFE, no throw
Batting: LHB Herman Hayes 0-0: Called Strike
0-1: Ball
1-1: Foul Ball, location: 2F
1-2: Ball
2-2: Ball
3-2: Ground out U3 (Groundball, 34S)
Bottom of the 6th over - 2 run(s), 4 hit(s), 0 error(s), 2 left on base; D.C. 5 - Panama City 4
TOP OF THE 7TH
D.C. Divided batting - Pitching for Panama City Piranhas : RHP Valentín Montenegro
Batting: RHB Cristo González 0-0: Called Strike
0-1: Ball
1-1: Fly out, F4 (Line Drive, 4)
Batting: RHB Arturo Rodríguez 0-0: Ball
1-0: Ball
2-0: Ball
3-0: Base on Balls
Batting: RHB Tony Romero 0-0: Fly out, F3 (Popup, 3L)
Batting: LHB Mike Gardner 0-0: Called Strike
Arturo Rodríguez steals 2nd base
0-1: Ball
1-1: Foul Ball, location: 2F
1-2: Foul Ball, location: 2F
1-2: Ball
2-2: Foul Ball, location: 2F
2-2: Fly out, F9 (Flyball, 9)
Top of the 7th over - 0 run(s), 0 hit(s), 0 error(s), 1 left on base; D.C. 5 - Panama City 4
BOTTOM OF THE 7TH
Panama City Piranhas batting - Pitching for D.C. Divided : RHP José Alaniz
Batting: SHB Marc Talamante 0-0: Called Strike
0-1: Ball
1-1: Ball
2-1: Ball
3-1: Fly out, F8 (Flyball, 8RM)
Batting: LHB Robert Adams 0-0: Ball
1-0: Called Strike
1-1: Ball
2-1: Ground out 4-3 (Groundball, 4)
Batting: RHB Baldomero Avino 0-0: Called Strike
0-1: Ball
1-1: Foul Ball, location: 2F
1-2: DOUBLE (Flyball, 78M)
Batting: LHB Sergio Muńóz 0-0: Ball
1-0: Ball
2-0: Ground out 5-3 (Groundball, 5)
Bottom of the 7th over - 0 run(s), 1 hit(s), 0 error(s), 1 left on base; D.C. 5 - Panama City 4
TOP OF THE 8TH
D.C. Divided batting - Pitching for Panama City Piranhas : RHP Valentín Montenegro
Batting: RHB Mario Castillo 0-0: Fly out, F7 (Flyball, 7)
Batting: RHB Robert O'Connor 0-0: Foul Ball, location: 2F
0-1: Ball
1-1: Foul Ball, location: 2F
1-2: Ball
2-2: Foul Ball, location: 2F
2-2: Ball
3-2: Base on Balls
Batting: RHB Lúcio López 0-0: Fly out, F9 (Flyball, 9LM)
Batting: LHB Charles Mathes 0-0: Ball
1-0: Swinging Strike
1-1: Fielders Choice at 2nd, 6-4 (Groundball, 6)
Top of the 8th over - 0 run(s), 0 hit(s), 0 error(s), 0 left on base; D.C. 5 - Panama City 4
BOTTOM OF THE 8TH
Panama City Piranhas batting - Pitching for D.C. Divided : RHP José Alaniz
Batting: LHB Steve Cunningham 0-0: Ball
1-0: Swinging Strike
1-1: Ball
2-1: Ball
3-1: Foul Ball, location: 2F
3-2: Foul Ball, location: 2F
3-2: SOLO HOME RUN (Flyball, 8RXD), Distance : 433 ft
Batting: RHB Armando Alvarado 0-0: Ball
1-0: Foul Ball, location: 2F
1-1: Ball
2-1: Ball
3-1: Swinging Strike
3-2: Ground out 5-3 (Groundball, 56)
Batting: RHB Tim Barnes 0-0: Ball
1-0: Swinging Strike
1-1: Foul Ball, location: 2F
1-2: Ball
2-2: Ball
3-2: Ground out 1-3 (Groundball, P)
Batting: RHB Juan Jose Ayala 0-0: Ball
1-0: Ground out 5-3 (Groundball, 5)
Bottom of the 8th over - 1 run(s), 1 hit(s), 0 error(s), 0 left on base; D.C. 5 - Panama City 5
TOP OF THE 9TH
D.C. Divided batting - Pitching for Panama City Piranhas : RHP Valentín Montenegro
Pitching: RHP Francisco Barrios
Batting: RHB Julián Salcido 0-0: Ball
1-0: Called Strike
1-1: Ground out 4-3 (Groundball, 4)
Batting: RHB Cristo González 0-0: Called Strike
0-1: Called Strike
0-2: Hit by Pitch
Batting: RHB Arturo Rodríguez 0-0: Called Strike
0-1: Ball
Cristo González steals 2nd base
1-1: Foul Ball, location: 2F
1-2: SINGLE (Flyball, 7S)
Cristo González to third
Throwing error, E7
Cristo González scores
Arturo Rodríguez to second
Batting: RHB Tony Romero 0-0: Ball
Arturo Rodríguez steals 3rd base
1-0: Called Strike
1-1: Ball
2-1: Fly out, F9 (Flyball, 9S)
Batting: LHB Mike Gardner 0-0: Ball
1-0: Foul Ball, location: 2F
1-1: Ball
2-1: Fly out, F4 (Popup, 4)
Top of the 9th over - 1 run(s), 1 hit(s), 1 error(s), 1 left on base; D.C. 6 - Panama City 5
BOTTOM OF THE 9TH
Panama City Piranhas batting - Pitching for D.C. Divided : RHP José Alaniz
Batting: LHB Herman Hayes 0-0: Ground out 4-3 (Groundball, 4)
Batting: SHB Marc Talamante 0-0: Ball
1-0: Called Strike
1-1: Foul Ball, location: 2F
1-2: Strikes out swinging
Batting: LHB Robert Adams 0-0: Ball
1-0: Fly out, F8 (Flyball, 8LD)
Bottom of the 9th over - 0 run(s), 0 hit(s), 0 error(s), 0 left on base; D.C. 6 - Panama City 5
Monday, March 20th, 2017 - OOTP Baseball 17.12 Build 75